 Dungeon Crawl Stone Soup version 0.24.0-123-gd5b16e6ec5 (webtiles) character file.

Game seed: 7017052316677602980, levelgen mode: deterministic

102776 manon the Severer (level 15, -11/144 HPs)
             Began as a Deep Dwarf Fighter on Feb 4, 2020.
             Was the Champion of Makhleb.
             Mangled by an ettin
             ... wielding a +0 dire flail
              (17 damage)
             ... on level 15 of the Dungeon on Feb 6, 2020.
             The game lasted 03:20:19 (21960 turns).

manon the Severer (Deep Dwarf Fighter)             Turns: 21960, Time: 03:20:20

Health: -11/144    AC: 21    Str: 24    XL:     15   Next: 87%
Magic:  12/12      EV:  7    Int: 10    God:    Makhleb [******]
Gold:   2100       SH:  0    Dex: 13    Spells: 11/14 levels left

rFire    + . .     SeeInvis .   a - +5 battleaxe (freeze)
rCold    . . .     Gourm    .   (shield currently unavailable)
rNeg     + . .     Faith    .   J - +0 plate armour {MR+}
rPois    .         Spirit   .   U - +0 helmet
rElec    .         Reflect  .   t - +0 cloak {MR+}
rCorr    .         Harm     .   W - +0 pair of gloves (curse)
MR       +++++                  (no boots)
Stlth    ..........             E - amulet of the acrobat
HPRegen  0.00/turn              d - ring of protection from magic
MPRegen  0.13/turn              o - ring of protection from fire

@: non-regenerating
A: damage resistance, heal wounds, negative energy resistance 1, sense
surroundings 2, no regeneration
a: Heal Wounds, Minor Destruction, Lesser Servant of Makhleb, Major Destruction,
Greater Servant of Makhleb, Renounce Religion


You were on level 15 of the Dungeon.
You worshipped Makhleb.
Makhleb was exalted by your worship.
You were not hungry.

You visited 5 branches of the dungeon, and saw 25 of its levels.
You also visited: Ice Cave, Volcano and Wizlab.

You collected 2770 gold pieces.
You spent 670 gold pieces at shops.

Inventory:

Hand Weapons
 a - a +5 battleaxe of freezing (weapon)
 b - a +0 hand crossbow
 c - a +4 battleaxe
 k - a +0 broad axe of flaming
Missiles
 s - 42 bolts
 y - 7 atropa-tipped darts (quivered)
 L - 20 javelins
 O - 4 throwing nets
Armour
 t - a +0 cloak of magic resistance (worn)
 B - a +2 plate armour of poison resistance
 J - a +0 plate armour of magic resistance (worn)
 U - a +0 helmet (worn)
 W - a cursed +0 pair of gloves (worn)
Jewellery
 d - a ring of protection from magic (left hand)
 h - an uncursed ring of flight
 o - a ring of protection from fire (right hand)
 E - an amulet of the acrobat (around neck)
 S - an uncursed ring of resist corrosion
 V - an uncursed ring of protection from fire
Wands
 q - a wand of iceblast (19)
 r - a wand of paralysis (6)
 v - a wand of polymorph (6)
 z - a wand of clouds (4)
 C - a wand of digging (16)
 G - a wand of acid (22)
 Q - a wand of disintegration (19)
 R - a wand of scattershot (2)
Scrolls
 g - 16 scrolls of remove curse
 i - 3 scrolls of fog
 n - 7 scrolls of teleportation
 u - 2 scrolls of enchant armour
 x - 8 scrolls of magic mapping
 A - 4 scrolls of fear
 F - a scroll of blinking
 H - a scroll of summoning
 I - 2 scrolls of amnesia
 P - a scroll of vulnerability
 Y - a scroll of holy word {unknown}
Potions
 e - a potion of agility {unknown}
 j - 2 potions of heal wounds
 l - 6 potions of magic
 m - a potion of invisibility {unknown}
 w - 2 potions of ambrosia
 D - a potion of brilliance {unknown}
 K - a potion of degeneration {unknown}
 M - 2 potions of flight {unknown}
 N - 2 potions of cancellation {unknown}
 X - 2 potions of mutation {unknown}
 Z - 4 potions of curing
Miscellaneous
 T - a lamp of fire
Comestibles
 f - 27 rations
 p - 4 chunks of flesh


   Skills:
 + Level 11.9 Fighting
 + Level 16.6 Axes
 * Level 7.1 Crossbows
 + Level 13.6 Armour
   Level 6.8 Shields
 + Level 7.7 Necromancy
 - Level 14.0 Invocations
 + Level 8.2 Evocations


You had 11 spell levels left.
You knew the following spells:

 Your Spells              Type           Power        Failure   Level  Hunger
a - Vampiric Draining     Necr           ###.......   38%         3    ####...

Your spell library contained the following spells:

 Spells                   Type           Power        Failure   Level  Hunger
 Animate Skeleton         Necr           N/A          14%         1    ##.....
 Pain                     Necr           ###.         14%         1    ##.....
 Corpse Rot               Necr           N/A          22%         2    ###....
 Sublimation of Blood     Necr           ###.......   22%         2    ###....
 Animate Dead             Necr           N/A          80%         4    #####..
 Corona                   Hex            #......      97%         1    ##.....
 Agony                    Necr           ###.....     98%         5    ######.
 Dispel Undead            Necr           ###.....     98%         5    ######.
 Ensorcelled Hibernation  Hex/Ice        #.....       99%         2    ###....
 Poisonous Vapours        Pois/Air       #.....       99%         2    ###....
 Call Canine Familiar     Summ           #.......     100%        3    ####...
 Confuse                  Hex            #.......     100%        3    ####...
 Conjure Flame            Conj/Fire      #.......     100%        3    ####...
 Dazzling Spray           Conj/Hex       #.....       100%        3    ####...
 Ignite Poison            Fire/Tmut/Pois #.......     100%        3    ####...
 Mephitic Cloud           Conj/Pois/Air  #.......     100%        3    ####...
 Tukima's Dance           Hex            #.......     100%        3    ####...
 Force Lance              Conj/Tloc      #.......     100%        4    #####..
 Petrify                  Tmut/Erth      #.......     100%        4    #####..
 Summon Ice Beast         Ice/Summ       #.......     100%        4    #####..
 Alistair's Intoxication  Tmut/Pois      #.......     100%        5    ######.
 Bolt of Draining         Conj/Necr      #.........   100%        5    ######.
 Excruciating Wounds      Chrm/Necr      #.........   100%        5    ######.
 Irradiate                Conj/Tmut      #.........   100%        5    ######.
 Freezing Cloud           Conj/Ice/Air   #.........   100%        6    #######
 Ring of Flames           Chrm/Fire      #.........   100%        7    #######
 Regeneration             Chrm/Necr      Unusable     N/A         3    N/A

Dungeon Overview and Level Annotations

Branches:
Dungeon (15/15)            Temple (1/1) D:6            Lair (6/6) D:11
  Swamp (0/4) Lair:2        Snake (0/4) Lair:3          Orc (2/2) D:10
    Elf (1/3) Orc:2        Vaults (0/5) D:14         Depths (0/5) D:15
  IceCv (visited)         Volcano (visited)          WizLab (visited)
  Slime: Lair:5-6

Altars:
Ashenzari
Cheibriados
Dithmenos
Elyvilon
Fedhas
Gozag
Hepliaklqana
Kikubaaqudgha
Makhleb
Nemelex Xobeh
Okawaru
Qazlal
Ru
Sif Muna
Trog
Uskayaw
Vehumet
Wu Jian
Xom
Yredelemnul
Zin
The Shining One

Shops:
D:4 [!?(:   D:9 %   D:12 (}   Orc:1 (   Orc:2 %(:*

Portals:
Hell: Lair:6

Annotations:
D:4 3 runed translucent doors, Suckerboh's ghost, amateur DsGl
D:5 2 transporters, Stepladder's ghost, amateur OgHu
D:9 2 transporters, bl4d3's ghost, novice GrFi
Lair:2 1 runed translucent door, Junaliek's ghost, journeyman MiFi
Lair:4 2 transporters, sking99's ghost, journeyman GrEE
Lair:5 exclusion: 4 oklob plants
Lair:6 exclusion: 3 oklob plants
Orc:1 exclusion: oklob plant


Innate Abilities, Weirdness & Mutations

You are resistant to damage.
You can heal yourself by infusing magical energy.
You resist negative energy. (rN+)
You passively map the area around you.
You do not regenerate.


Message History

You hit the ettin. You freeze the ettin.
The ettin is heavily wounded.
You hit the ettin but do no damage.
The ettin is heavily wounded.
The ettin hits you with a +0 dire flail!!
The ettin completely misses you.
You slash the ettin! You freeze the ettin.
The ettin is almost dead.
The ettin barely misses you.
The ettin hits you with a +0 dire flail!!
* * * LOW HITPOINT WARNING * * *
You hit the ettin but do no damage.
The ettin is almost dead.
The ettin barely misses you.
The ettin hits you with a +0 dire flail!!
* * * LOW HITPOINT WARNING * * *
You barely miss the ettin.
The ettin is almost dead.
The ettin hits you with a +0 dire flail!!
You die...

#....#..##...# ..#.. .# * *
#.##.#..##...####.####,..#,
, , #.##.#..##.......#(.>#
..#,,
#.##.#..##....##.....#...#,
,
#....#..##....##.#...#..,*
, ,
#....#####'#..##..#.#.#,* *
, #..........#..##.....#..
* * #..#....#..#...#####.#
., , ..##....#..#....@C((.#
.###....# #.......##'#* * *
* .##.###.# #.......# ...,
* * .#.###....,#########
..... , .####..... ,,
......., , 8.........
#...... .####..#.. *......
* , .#.###.. , ,, , ,
...... , .##.###. * * * * *
* *


You could see an ettin.

Vanquished Creatures
  Kirke (D:15)
  A fire giant (D:15)
  A frost giant (D:15)
  A deep elf sorcerer (Elf:1)
  2 orc warlords
  2 entropy weavers (Lair:6)
  The ghost of Feulaj the Severer, a journeyman MiBe of Trog (Lair:3)
  The ghost of Kaofid the Geomancer, a journeyman GrEE of Vehumet (Lair:5)
  2 vault guards (D:14)
  5 hydras
  Harold (D:9)
  2 dancing weapons (Elf:1)
  4 centaur warriors
  3 ogre magi (Orc:2)
  17 two-headed ogres
  A queen ant (Lair:6)
  An orc high priest (Orc:1)
  A deep elf knight (D:15)
  A sun demon (Lair:6)
  A deep elf archer (Elf:1)
  A wizard (Lair:6)
  A lindwurm (Lair:3)
  An ugly thing (D:13)
  20 deep elf magi
  4 necromancers (D:14)
  A wolf spider (D:15)
  An orc sorcerer (D:15)
  12 elephants
  2 black mambas
  8 spiny frogs
  An orange demon (Lair:6)
  A gargoyle (D:12)
  2 kobold demonologists
  4 komodo dragons
  An ice devil (Lair:6)
  5 rime drakes
  A tengu conjurer (D:15)
  A meliai (shapeshifter) (D:14)
  6 trolls
  2 polar bears
  A hornet (D:11)
  A red devil (Lair:6)
  Prince Ribbit (D:6)
  18 blink frogs
  3 hippogriffs
  4 slime creatures (D:13)
  8 dream sheep
  Sigmund (D:4)
  A shadow (D:14)
  23 yaks
  5 fire bats (Volcano)
  Eustachio (D:6)
  20 humans
  2 wyverns
  6 hogs
  4 hungry ghosts
  5 basilisks
  6 vampire mosquitoes
  11 wargs
  14 soldier ants (Lair:6)
  2 acid dragons
  15 water moccasins
  Menkaure (D:6)
  4 nagas (Lair:3)
  3 sky beasts
  4 hell hounds (Lair:6)
  7 porcupines
  14 ice beasts
  A hornet zombie (D:6)
  31 orc warriors
  31 ogres
  3 phantoms
  9 wolves
  5 boggarts (D:14)
  7 centaurs
  11 crocodiles
  3 big kobolds
  18 bullfrogs
  A gnoll sergeant (D:7)
  2 scorpions
  3 troll zombies (D:10)
  3 wights (D:8)
  3 killer bees
  6 howler monkeys
  3 electric eels
  4 lava snakes (Volcano)
  2 bullfrog zombies
  2 centaur zombies
  5 crimson imps
  2 quasits
  5 jellies
  2 bullfrog skeletons
  4 hounds
  13 orc priests
  5 centaur skeletons
  21 orc wizards
  3 iguanas
  6 hell rats (Lair:5)
  26 worker ants
  A killer bee zombie (D:5)
  5 ogre zombies (D:10)
  A hound zombie (D:5)
  2 hound skeletons
  A howler monkey zombie (D:8)
  A worker ant zombie (D:4)
  10 gnolls
  16 adders
  A shadow imp (D:5)
  An ooze (D:6)
  3 adder zombies
  3 adder skeletons
  3 worms
  4 dart slugs
  4 leopard geckos
  75 orcs
  5 giant cockroaches
  5 goblins
  11 hobgoblins
  14 jackals
  15 kobolds
  A quokka (D:2)
  A ball python zombie (D:5)
  7 bats
  7 frilled lizards
  5 goblin zombies (D:10)
  A hobgoblin skeleton (D:10)
  5 hobgoblin zombies (D:10)
  2 jackal skeletons
  2 leopard gecko zombies
  4 orc skeletons (D:10)
  10 orc zombies (D:10)
  A quokka skeleton (D:6)
  6 rats
  6 fungi
  2 plants (Lair:6)
790 creatures vanquished.

Vanquished Creatures (collateral kills)
  An ogre mage (Orc:2)
  A two-headed ogre (Orc:2)
  A lindwurm (Lair:3)
  A deep elf archer (Elf:1)
  A black mamba (Lair:1)
  2 elephants (Lair:5)
  A hellwing (Lair:6)
  A kobold demonologist (D:11)
  A troll (Orc:2)
  2 red devils (Lair:6)
  4 blink frogs (Lair:2)
  4 yaks
  A wyvern (Lair:1)
  Grum (D:10)
  2 wargs (Orc:2)
  2 soldier ants (Lair:6)
  A hell hound (Lair:6)
  A water moccasin (Lair:5)
  An orc warrior (Orc:2)
  A necrophage (D:11)
  An ogre (Orc:2)
  2 wolves (D:10)
  A crocodile (Lair:1)
  2 bullfrogs (Lair:1)
  A howler monkey (D:11)
  A jelly (D:11)
  2 worker ants
  5 orcs
45 creatures vanquished.

Vanquished Creatures (others)
  A troll (D:12)
  A yak (Lair:6)
  An ogre (Orc:1)
  An orc (Orc:2)
  8 fungi
  7 plants
  11 toadstools (Lair:3)
30 creatures vanquished.

Grand Total: 865 creatures vanquished

Notes
Turn   | Place    | Note
-------+----------+-------------------------------------------
     0 | D:1      | manon the Deep Dwarf Fighter began the quest for the Orb.
     0 | D:1      | Reached XP level 1. HP: 20/20 MP: 1/1
   222 | D:1      | Reached XP level 2. HP: 27/27 MP: 2/2
   934 | D:2      | Reached XP level 3. HP: 13/34 MP: 3/3
  1183 | D:2      | Reached skill level 3 in Axes
  1566 | D:3      | Reached XP level 4. HP: 36/42 MP: 4/4
  1591 | D:3      | Found a glowing silver altar of Zin.
  1930 | D:3      | Reached XP level 5. HP: 44/49 MP: 4/4
  2146 | D:4      | Found Viteitim's Antique Armour Shop.
  2152 | D:4      | Found Iwnux's Distillery.
  2223 | D:4      | Reached skill level 4 in Axes
  2225 | D:4      | Found a bloodstained altar of Trog.
  2278 | D:4      | Found Xapoideph's Book Emporium.
  2310 | D:4      | Found Wosig's Antique Weapon Emporium.
  2345 | D:4      | Reached XP level 6. HP: 55/57 MP: 5/5
  2448 | D:4      | Found Holoexu's Magic Scroll Boutique.
  2466 | D:4      | Bought a scroll of remove curse for 42 gold pieces
  2466 | D:4      | Bought a scroll of identify for 28 gold pieces
  2499 | D:4      | Noticed Sigmund
  2509 | D:4      | Killed Sigmund
  2509 | D:4      | Reached skill level 5 in Axes
  2509 | D:4      | Reached skill level 5 in Armour
  2509 | D:4      | Reached skill level 5 in Shields
  2509 | D:4      | Reached XP level 7. HP: 55/64 MP: 6/6
  2594 | D:4      | Found a runed translucent gate.
  2594 | D:4      | Found a runed translucent gate.
  2595 | D:4      | Found a runed translucent gate.
  2609 | D:4      | Noticed Suckerboh's ghost (amateur DsGl)
  3212 | D:5      | Entered Level 5 of the Dungeon
  3276 | D:5      | Reached skill level 6 in Axes
  3352 | D:5      | Noticed Stepladder's ghost (amateur OgHu)
  3365 | D:5      | Found a transporter.
  3383 | D:5      | Found a transporter.
  3623 | D:5      | You fall into a shaft and drop 2 floors!
  3668 | D:7      | Reached XP level 8. HP: 57/73 MP: 7/7
  3746 | D:7      | Reached skill level 7 in Axes
  3772 | D:7      | Reached skill level 5 in Fighting
  3829 | D:7      | Found a sacrificial altar of Ru.
  3861 | D:6      | Found a staircase to the Ecumenical Temple.
  3874 | Temple   | Entered the Ecumenical Temple
  3906 | Temple   | Became a worshipper of Makhleb the Destroyer
  4116 | D:6      | Noticed Menkaure
  4128 | D:6      | Killed Menkaure
  4128 | D:6      | Reached skill level 8 in Axes
  4314 | D:6      | Noticed Eustachio
  4357 | D:6      | Killed Eustachio
  4357 | D:6      | Gained mutation: You passively map the area around you.
                  | [Deep Dwarf growth]
  4357 | D:6      | Reached XP level 9. HP: 66/81 MP: 7/7
  4883 | D:6      | Noticed Prince Ribbit
  4897 | D:6      | Killed Prince Ribbit
  4897 | D:6      | Reached skill level 1 in Invocations
  5037 | D:7      | Reached * piety under Makhleb
  5078 | D:7      | Reached skill level 9 in Axes
  5609 | D:7      | Reached skill level 10 in Axes
  6006 | D:8      | Reached XP level 10. HP: 92/92 MP: 9/9
  6062 | D:8      | Found a stormy altar of Qazlal.
  6149 | D:8      | Found an ornate altar of the Wu Jian Council.
  6705 | D:9      | Noticed Harold
  6750 | D:8      | Reached skill level 1 in Evocations
  6784 | D:9      | Found a transporter.
  6786 | D:9      | Noticed bl4d3's ghost (novice GrFi)
  6788 | D:9      | Noticed a moth of wrath
  6847 | D:9      | Reached ** piety under Makhleb
  7016 | D:9      | Reached skill level 5 in Invocations
  7113 | D:9      | Killed Harold
  7163 | D:8      | Reached skill level 11 in Axes
  7315 | D:9      | Found Koplos's Food Shoppe.
  7459 | D:9      | Found an iron altar of Okawaru.
  7573 | D:9      | Found a transporter.
  7607 | D:10     | Entered Level 10 of the Dungeon
  7977 | D:10     | Reached *** piety under Makhleb
  8013 | D:10     | Noticed Grum
  8044 | D:10     | Killed Grum
  8112 | D:10     | Found a staircase to the Orcish Mines.
  8638 | D:10     | Reached XP level 11. HP: 88/100 MP: 9/9
  8638 | D:10     | Reached **** piety under Makhleb
  8889 | D:11     | Paralysed by a hornet for 1 turns
  8953 | D:11     | Noticed a two-headed ogre
  8966 | D:11     | Reached skill level 5 in Evocations
  8978 | D:11     | Killed a two-headed ogre
  9063 | D:11     | Found a staircase to the Lair.
  9115 | D:11     | Reached skill level 12 in Axes
  9513 | Lair:1   | Entered Level 1 of the Lair of Beasts
 10388 | Lair:2   | Found a staircase to the Swamp.
 10622 | Lair:2   | Reached XP level 12. HP: 108/111 MP: 11/11
 10796 | Lair:2   | Found a runed translucent door.
 10800 | Lair:2   | Noticed Junaliek's ghost (journeyman MiFi)
 11028 | Lair:3   | Reached skill level 10 in Armour
 11039 | Lair:3   | Found a runed translucent door.
 11044 | Lair:3   | Noticed Feulaj's ghost (journeyman MiBe)
 11067 | Lair:3   | Killed Feulaj's ghost
 11067 | Lair:3   | Reached skill level 13 in Axes
 11111 | Lair:3   | Found a frozen archway.
 11120 | IceCv    | Entered an ice cave
 11172 | IceCv    | Reached ***** piety under Makhleb
 11490 | Lair:3   | Found a staircase to the Snake Pit.
 11561 | Lair:3   | You fall into a shaft and drop 2 floors!
 11709 | Lair:4   | Noticed an eight-headed hydra
 11725 | Lair:4   | Killed a three-headed hydra
 11754 | Lair:4   | Noticed a death yak
 11755 | Lair:4   | Noticed sking99's ghost (journeyman GrEE)
 11775 | Lair:4   | Found a dark tunnel.
 11784 | Volcano  | Entered a volcano
 11894 | Volcano  | Reached skill level 14 in Axes
 12242 | Lair:3   | Reached skill level 10 in Invocations
 12439 | Lair:3   | Found a runed translucent door.
 12870 | Lair:4   | Reached XP level 13. HP: 121/121 MP: 13/13
 12889 | Lair:4   | You fall into a shaft and drop 1 floor!
 13015 | Lair:4   | Found a transporter.
 13021 | Lair:4   | Found a transporter.
 13502 | Lair:5   | Found a runed translucent door.
 13513 | Lair:5   | Noticed Kaofid's ghost (journeyman GrEE)
 13899 | Lair:6   | Entered Level 6 of the Lair of Beasts
 14304 | D:4      | Bought a scroll of identify for 28 gold pieces
 14304 | D:4      | Bought a scroll of identify for 28 gold pieces
 14304 | D:4      | Bought a scroll of identify for 28 gold pieces
 14304 | D:4      | Bought a scroll of identify for 28 gold pieces
 14304 | D:4      | Bought a scroll of magic mapping for 49 gold pieces
 14618 | Lair:6   | Reached skill level 15 in Axes
 15176 | Lair:6   | Reached skill level 10 in Fighting
 15436 | Lair:6   | Found a burning altar of Makhleb.
 15524 | Lair:6   | Found a gateway to Hell.
 15622 | Lair:6   | Reached ****** piety under Makhleb
 15685 | Lair:6   | Noticed an entropy weaver
 15690 | Lair:6   | Noticed an entropy weaver
 15707 | Lair:6   | Killed an entropy weaver
 15712 | Lair:6   | Killed an entropy weaver
 15712 | Lair:6   | Gained mutation: You resist negative energy. (rN+) [Deep
                  | Dwarf growth]
 15712 | Lair:6   | Reached XP level 14. HP: 80/133 MP: 13/13
 15844 | Lair:5   | Killed Kaofid's ghost
 16036 | Orc:1    | Entered Level 1 of the Orcish Mines
 16040 | Orc:1    | Noticed an orc warlord
 16055 | Orc:1    | Reached skill level 16 in Axes
 16058 | Orc:1    | Killed an orc warlord
 16879 | Orc:1    | Found Ipuaget's Weapon Boutique.
 16913 | Orc:2    | Entered Level 2 of the Orcish Mines
 17076 | Orc:2    | Reached skill level 1 in Crossbows
 17726 | Orc:2    | Found Qeurchua's Assorted Antiques.
 17726 | Orc:2    | Found Rothrik's Book Emporium.
 17727 | Orc:2    | Found Utsy's Weapon Emporium.
 17727 | Orc:2    | Found Fuppoej's Food Boutique.
 17759 | Orc:2    | Bought a +0 hand crossbow for 49 gold pieces
 17771 | Orc:2    | Reached skill level 5 in Crossbows
 17969 | Orc:2    | Noticed an orc warlord
 17997 | Orc:2    | Killed an orc warlord
 18026 | Orc:2    | Found a staircase to the Elven Halls.
 18293 | Orc:2    | Bought a book of Necromancy for 390 gold pieces
 18297 | Orc:2    | Learned a level 3 spell: Vampiric Draining
 18371 | Elf:1    | Entered Level 1 of the Elven Halls
 18385 | Elf:1    | Reached skill level 1 in Necromancy
 18412 | Elf:1    | Reached XP level 15. HP: 131/142 MP: 14/16
 18607 | Elf:1    | Noticed a deep elf sorcerer
 18615 | Elf:1    | Killed a deep elf sorcerer
 18630 | Elf:1    | Identified the Catalogue of Supportive Battle Magic
 18772 | Elf:1    | Found a magical portal.
 19287 | D:12     | Found Etohopi's Antique Weapon Shoppe.
 19328 | D:12     | Found Xorr's Gadget Boutique.
 19448 | D:12     | Reached skill level 5 in Necromancy
 21294 | D:14     | Found a gate to the Vaults.
 21367 | D:15     | Entered Level 15 of the Dungeon
 21376 | D:15     | Noticed Kirke
 21404 | D:15     | Killed Kirke
 21547 | D:15     | Noticed a fire giant
 21568 | D:15     | Killed a fire giant
 21580 | D:15     | Noticed a frost giant
 21645 | D:15     | Killed a frost giant
 21932 | D:15     | Found a staircase to the Depths.
 21959 | D:15     | HP: 6/144 [ettin/+0 dire flail (19)]
 21960 | D:15     | Mangled by an ettin

Levels and vault maps discovered:
D:1:      shiori_arrival_oz, layout_loops_corners
D:2:      minmay_door_path, layout_rooms
D:3:      layout_basic, old_standard_altar
D:4:      layout_basic, lemuel_round_altar, serial_shops, shop, shop, shop,
          nicolae_shop_temple_entry_statues_fountains, nicolae_shop_crystal,
          ebering_ghost_rock_garden, first_ration, uniq_sigmund
D:5:      layout_loops_cross, serial_undead, serial_undead_c, serial_undead_e,
          serial_undead_f, serial_undead_b, gammafunk_ghost_stat_death,
          corexii_leaking_fountain, guppyfry_early_lair_pool
D:6:      layout_basic, minmay_temple_entry_waves, uniq_eustachio,
          uniq_menkaure, uniq_prince_ribbit1
D:7:      layout_basic, kennysheep_mini, grunt_livestock
D:8:      layout_basic, lemuel_doored_altar, nicolae_qazlal_general_emergency,
          serial_rivers, chequers_serial_rivers_micro_a,
          chequers_serial_rivers_small_b, chequers_serial_rivers_large_a,
          chequers_serial_rivers_marsh, chequers_serial_rivers_large_b
D:9:      layout_loops_ring, okawaru_altar_gauntlet_db, serial_shops, shop,
          gammafunk_ghost_berserking_beasts, uniq_harold
D:10:     layout_irregular_city, zombieorc2_lemuel, uniq_grum
D:11:     layout_irregular_city, lair_entry_dummy
D:12:     layout_basic, serial_shops, nicolae_shop_waterfront,
          nicolae_shop_overgrown_old_shop, grunt_ministairs_4,
          lemuel_flamethrower_2
D:13:     layout_loops_ring
D:14:     layout_cave_pools, grunt_vaults_entry_tiered
D:15:     hangedman_depths_entry_civil_slaughter, layout_stronghold, kb_rosetta,
          uniq_kirke, uniq_josephine
Temple:   nicolae_temple_elliptical
Lair:1:   layout_misc_corridors, infiniplex_staircase_pool_2
Lair:2:   layout_chaotic_city, swamp_mist_pool, ebering_ghost_inner_flame,
          grunt_megastairs_2, serial_bayou_shore_a
Lair:3:   gammafunk_lair_enchanted_lake, layout_layer_cave,
          guppyfry_snake_entry_garden, ebering_ghost_reflecting_pool,
          portal_ice_cave_entry_pillars_1, minmay_stone_trees_small
Lair:4:   layout_regular_city, gammafunk_ghost_arena,
          nicolae_volcano_entry_hallway
Lair:5:   layout_regular_city, ebering_ghost_reflecting_pool, minmay_holes,
          st_stairs_8, minmay_lair_oklob_chamber, grunt_megastairs_4
Lair:6:   evil_forest, layout_long_grid, minmay_slime_entry_oklob_open,
          gauntlet_entry_generic, zaba_antful_of_joy
Orc:1:    nicolae_orc_accident_1, layout_diamond_mine, serial_shops,
          shop_fountains, mines3_lemuel
Orc:2:    st_orc_ogre_mass, layout_diamond_mine, nooodl_orcs_dogs
Elf:1:    minmay_elf_arrival_summoners, layout_loops_corners,
          infiniplex_enter_wizlab_spiral, minmay_elf_sorcery,
          nicolae_elf_glass_and_crystal_pillar_2

Skill      XL: |  1  2  3  4  5  6  7  8  9 10 11 12 13 14 15 |
---------------+----------------------------------------------+-----
Fighting       | 3 4 5 6 7 8 9 10 11 | 11.9
Axes           | 3 4 5 6 8 10 11 12 14 15 16 | 16.6
Shields        | 4 5 6 |  6.8
Armour         | 4 5 6 7 8 9 11 12 13 | 13.6
Invocations    | 4 6 8 10 11 13 14 | 14.0
Evocations     | 4 6 8 |  8.2
Crossbows      | 6 7 |  7.1
Necromancy     | 2 7 |  7.7

Action                   |  1- 3 |  4- 6 |  7- 9 | 10-12 | 13-15 || total
-------------------------+-------+-------+-------+-------+-------++-------
Melee: War axe           |   110 |       |       |       |       ||   110
       Broad axe         |     3 |   162 |   250 |     9 |    18 ||   442
       Battleaxe         |       |       |   191 |   903 |  1317 ||  2411
 Fire: Arbalest          |       |       |       |       |    11 ||    11
       Hand crossbow     |       |       |       |       |    32 ||    32
Throw: Stone             |     5 |     7 |       |       |       ||    12
       Dart              |       |       |    14 |     2 |     8 ||    24
       Boomerang         |       |       |       |   164 |    74 ||   238
Invok: Lesser Servant of |       |       |       |     5 |    11 ||    16
       Minor Destruction |       |       |       |     1 |       ||     1
 Abil: Heal Wounds       |     2 |     2 |    17 |    19 |    36 ||    76
Evoke: Wand              |       |     4 |     2 |     3 |    25 ||    34
  Use: Potion            |       |     1 |     3 |     4 |     7 ||    15
       Scroll            |       |     4 |     2 |    12 |     9 ||    27
 Stab: Paralysed         |       |     8 |     2 |     4 |     2 ||    16
       Distracted        |       |       |       |       |     5 ||     5
  Eat: Chunk             |     2 |     3 |     8 |    25 |    20 ||    58
       Ration            |       |       |     3 |     2 |     5 ||    10
Armor: Scale mail        |    38 |       |       |       |       ||    38
       Chain mail        |     6 |    78 |   141 |       |       ||   225
       Plate armour      |       |       |    88 |   724 |   755 ||  1567
Dodge: Dodged            |    28 |    30 |   130 |   473 |   467 ||  1128
Block: Shield            |    61 |    81 |   146 |    12 |     7 ||   307
